 Dungeon Crawl Stone Soup version 0.26.0-18-gc5c842f807 (webtiles) character file.

Game seed: 1455158429775574880

3756 112233 the Spear-Bearer (level 10, 0/71 HPs)
             Began as an Octopode Fighter on Jan 22, 2021.
             Was a Believer of Makhleb.
             Slain by a white imp (2 damage)
             ... on level 8 of the Dungeon.
             The game lasted 00:06:43 (8339 turns).

112233 the Spear-Bearer (Octopode Fighter)          Turns: 8339, Time: 00:06:43

Health: 0/71       AC:  1    Str: 18    XL:     10   Next: 15%
Magic:  10/10      EV: 15    Int: 11    God:    Makhleb [**....]
Gold:   47         SH: 12    Dex: 12    Spells: 9/9 levels left

rFire    . . .     SeeInvis .   i - +3 spear
rCold    . . .     Faith    .   A - +2 kite shield
rNeg     . . .     Spirit   .   (helmet restricted)
rPois    +         Reflect  .   k - amulet of the acrobat
rElec    .         Harm     .   (no ring)
rCorr    .         Rampage  .   s - ring of poison resistance
Will     .....                  (no ring)
Stlth    ++........             (no ring)
HPRegen  0.21/turn              (no ring)
MPRegen  0.12/turn              (no ring)
                                (no ring)
                                (no ring)

@: no status effects
A: almost no armour, stealthy swim, amphibious, 8 rings, constrict 8, camouflage
1, gelatinous body 1
a: Renounce Religion, Minor Destruction


You were on level 8 of the Dungeon.
You worshipped Makhleb.
Makhleb was pleased with you.
You visited 2 branches of the dungeon, and saw 9 of its levels.

You collected 245 gold pieces.
You spent 198 gold pieces at shops.

Inventory:

Hand Weapons
 a - a +0 trident
 i - a +3 spear (weapon)
Missiles
 m - 56 poisoned darts (quivered)
Armour
 b - a +0 kite shield
 A - a +2 kite shield (worn)
Jewellery
 d - an uncursed amulet of magic regeneration
 k - an amulet of the acrobat (around mantle)
 s - a ring of poison resistance (right tentacle)
 w - an uncursed ring of ice
 B - an uncursed ring of wizardry {unknown}
Wands
 u - a wand of paralysis (3)
 z - a wand of polymorph (3)
Scrolls
 e - 4 scrolls of remove curse {unknown}
 g - 11 scrolls of identify {@r1}
 h - a scroll of immolation {unknown}
 l - 7 scrolls of teleportation {@r3}
 n - a scroll of enchant weapon {unknown}
 p - 4 scrolls of fog
 v - 2 scrolls of magic mapping {unknown}
 y - a scroll of blinking
Potions
 c - 3 potions of might
 f - a potion of mutation {unknown}
 j - 2 potions of degeneration {unknown}
 o - 2 potions of brilliance {unknown}
 q - a potion of heal wounds
 r - a potion of curing {unknown}
 t - a potion of ambrosia {unknown}
 x - 2 potions of flight {unknown}


   Skills:
 + Level 7.1 Fighting
 * Level 9.3 Polearms
 + Level 7.0 Dodging
 + Level 7.1 Shields


You had 9 spell levels left.
You didn't know any spells.
Your spell library contained the following spells:

 Spells                   Type           Power        Failure   Level
 Sandblast                Erth           0%           67%         1
 Passwall                 Tmut/Erth      0%           82%         2
 Stone Arrow              Conj/Erth      0%           96%         3
 Petrify                  Tmut/Erth      0%           100%        4
 Lee's Rapid Deconstruct  Erth           0%           100%        5


Dungeon Overview and Level Annotations

Branches:
Dungeon (8/15)             Temple (1/1) D:5            Lair (0/6) D:8

Altars:
Ashenzari
Cheibriados
Dithmenos
Elyvilon
Fedhas
Gozag
Hepliaklqana
Kikubaaqudgha
Makhleb
Nemelex Xobeh
Okawaru
Qazlal
Ru
Sif Muna
Trog
Uskayaw
Vehumet
Wu Jian
Xom
Yredelemnul
Zin
The Shining One

Shops:
D:6 [?!   D:7 (

Annotations:
D:6 5 runed translucent doors
D:7 exclusion: oklob plant


Innate Abilities, Weirdness & Mutations

You cannot wear most types of armour.
You are very stealthy in the water. (Stealth+)
You are amphibious.
You can wear up to eight rings at the same time.
You can use your tentacles to constrict eight enemies at once.
Your skin changes colour to match your surroundings (Stealth+).
Your rubbery body absorbs attacks. (AC +1, EV +1)


Message History

There are monsters nearby!
Something completely misses you.
You hit the ogre. You squeeze the ogre. Something hits you.
Deactivating autopickup; reactivate with Ctrl-A.
The ogre misses you.
You barely miss the ogre. You squeeze the ogre. Something hits you!
You puncture the ogre! Something barely misses you.
You block the ogre's attack.
You hit the ogre. You squeeze the ogre. You block the ogre's attack.
Something hits you.
You hit the ogre. Something hits you. The white imp hits you.
The white imp freezes you.
You hit something but do no damage. Your squeeze misses something.
You block something's attack. Something hits you!
The ogre hits you with a +0 giant club!!
* * * LOW HITPOINT WARNING * * *
You miss something. You squeeze something. Something hits you!
* * * LOW HITPOINT WARNING * * *
The white imp hits you.
You die...

#.... #.... ####
#....#####
#....#... +
#........#
#....#...
..#........#
#....+...
.....8.....#
#....#...
......5O...#
+....#...
#....@...#
##....##'#
###+#....#
#......... #....#
#......... #....#
#.........
#....####.........
##.................
#..............[...
#...............###
#...............#


You could see an ogre and a white imp.

Vanquished Creatures
  A two-headed ogre (D:7)
  A komodo dragon (D:8)
  Edmund (D:4)
  An ice beast (D:6)
  2 black bears
  An orc warrior (D:8)
  5 ogres
  2 phantoms
  A centaur (D:7)
  3 necrophages (D:8)
  Blork the orc (D:4)
  A bullfrog (D:7)
  2 water moccasin zombies (D:8)
  A scorpion (D:4)
  5 wights
  A howler monkey (D:8)
  A bullfrog zombie (D:8)
  A hound (D:5)
  A jelly (D:6)
  6 orc priests
  2 bullfrog skeletons
  An iguana (D:4)
  7 orc wizards
  A centaur skeleton (D:4)
  3 worker ants
  Natasha (twice) (D:3)
  A worker ant zombie (D:8)
  3 gnolls (D:3)
  6 adders
  A white imp (D:7)
  3 oozes
  An adder skeleton (D:5)
  An adder zombie (D:8)
  A worm (D:2)
  A dart slug (D:1)
  9 leopard geckos
  21 orcs
  3 ball pythons
  9 bats
  3 giant cockroaches
  5 goblins
  8 hobgoblins
  10 jackals
  2 quokkas (D:2)
  8 frilled lizards
  A jackal skeleton (D:6)
  9 kobolds
  A leopard gecko zombie (D:8)
  8 rats
169 creatures vanquished.

Vanquished Creatures (others)
  16 plants
16 creatures vanquished.

Grand Total: 185 creatures vanquished

Notes
Turn   | Place    | Note
-------+----------+-------------------------------------------
     0 | D:1      | 112233 the Octopode Fighter began the quest for the Orb.
     0 | D:1      | Reached XP level 1. HP: 16/16 MP: 1/1
   327 | D:1      | Reached XP level 2. HP: 21/21 MP: 2/2
   819 | D:1      | Reached XP level 3. HP: 26/26 MP: 3/3
  1073 | D:3      | Reached skill level 3 in Polearms
  1076 | D:3      | Reached XP level 4. HP: 31/31 MP: 4/4
  1452 | D:3      | Noticed Natasha
  1460 | D:3      | Killed Natasha
  1648 | D:4      | Reached XP level 5. HP: 32/37 MP: 5/5
  1733 | D:4      | Noticed an ogre
  1745 | D:4      | Killed an ogre
  1746 | D:4      | Reached skill level 4 in Polearms
  1746 | D:4      | Reached XP level 6. HP: 17/43 MP: 6/6
  1962 | D:4      | Noticed Blork the orc
  1969 | D:4      | Killed Blork the orc
  2306 | D:5      | Entered Level 5 of the Dungeon
  2537 | D:5      | Found a staircase to the Ecumenical Temple.
  2545 | D:5      | Reached XP level 7. HP: 46/49 MP: 7/7
  2548 | Temple   | Entered the Ecumenical Temple
  2675 | Temple   | Became a worshipper of Makhleb the Destroyer
  3457 | D:2      | Found a faded altar of an unknown god.
  3539 | D:2      | Found an iron altar of Okawaru.
  3698 | D:2      | Reached * piety under Makhleb
  3817 | D:3      | Noticed Natasha
  3830 | D:3      | Reached skill level 5 in Polearms
  3833 | D:3      | Killed Natasha
  3977 | D:3      | Found a shimmering altar of Xom.
  3977 | D:3      | Found an opulent altar of Gozag.
  3982 | D:3      | Found a white marble altar of Elyvilon.
  4002 | D:3      | Found a sparkling altar of Nemelex Xobeh.
  4682 | D:4      | Noticed Edmund
  4695 | D:4      | Killed Edmund
  4933 | D:4      | Found a glowing golden altar of the Shining One.
  5256 | D:4      | Reached XP level 8. HP: 28/54 MP: 8/8
  5352 | D:4      | Reached skill level 5 in Fighting
  5352 | D:4      | Reached skill level 6 in Polearms
  5354 | D:4      | Reached skill level 5 in Dodging
  5354 | D:4      | Reached skill level 5 in Shields
  5382 | D:4      | HP: 2/55 [poisoned by an orc wizard]
  5390 | D:4      | HP: 2/55 [poisoned by an orc wizard]
  6426 | D:6      | Found a runed translucent gate.
  6426 | D:6      | Found a runed translucent gate.
  6429 | D:6      | Found a runed translucent gate.
  6441 | D:6      | Found a runed translucent door.
  6477 | D:6      | Found the +9 staff of Olgreb {rPois∞}
  6785 | D:6      | Found an ancient bone altar of Kikubaaqudgha.
  6807 | D:6      | Found Siystrir's Armour Shop.
  6834 | D:6      | Found Sounyrie's Magic Scroll Emporium.
  6837 | D:6      | Reached ** piety under Makhleb
  6871 | D:6      | Bought a scroll of blinking for 90 gold pieces
  6871 | D:6      | Bought a scroll of teleportation for 36 gold pieces
  6871 | D:6      | Bought a scroll of fog for 24 gold pieces
  6871 | D:6      | Bought a scroll of identify for 24 gold pieces
  6871 | D:6      | Bought a scroll of fog for 24 gold pieces
  6887 | D:6      | Found a runed translucent door.
  7062 | D:6      | Found Raysacyn's Distillery.
  7196 | D:6      | Reached skill level 7 in Polearms
  7383 | D:7      | Reached XP level 9. HP: 42/62 MP: 9/9
  7587 | D:7      | Noticed a two-headed ogre
  7589 | D:7      | Found Gurphusy's Weapon Boutique.
  7612 | D:7      | Killed a two-headed ogre
  7613 | D:7      | Reached skill level 8 in Polearms
  7711 | D:7      | Found a glowing silver altar of Zin.
  7774 | D:7      | Noticed an oklob plant
  7884 | D:8      | Noticed a komodo dragon
  7887 | D:8      | Found a staircase to the Lair.
  7913 | D:8      | Killed a komodo dragon
  7998 | D:8      | Reached XP level 10. HP: 65/69 MP: 10/10
  8032 | D:8      | Reached skill level 9 in Polearms
  8270 | D:8      | Found an ornate altar of the Wu Jian Council.
  8339 | D:8      | HP: 2/71 [something (9)]
  8339 | D:8      | Slain by a white imp

Illustrated notes

Levels and vault maps discovered:
D:1:      dpeg_arrival_rhombus, layout_loops_corners, roderic_roman_lattice,
          minmay_domino_4
D:2:      layout_rooms, chequers_ecumenical_altar_simple_redux, okawaru_trees_1
D:3:      layout_basic, grunt_temple_overflow_cloverleaf, serial_bayou_lake_a,
          uniq_natasha
D:4:      layout_loops_corners, marbit_many_paths, minmay_pentangle,
          uniq_blork_the_orc, uniq_edmund
D:5:      layout_basic, temple_statues
D:6:      layout_cave_pools, kennysheep_mini, serial_shops, shop,
          nicolae_shop_crystal, shop, minmay_misc_feat_hallway,
          minmay_guarded_unrand_staff_of_olgreb
D:7:      layout_cave_pools, serial_shops, shop, lemuel_oklob_altar, uniq_harold
D:8:      layout_gridville, nzn_wu_jian_contemplation, david_lair_shrubbed,
          serial_undead, serial_undead_e, serial_undead_f, serial_undead_a,
          serial_undead_d, fungi_pond_lemuel, uniq_maggie
Temple:   regret_index_temple_waves

Skill      XL: |  1  2  3  4  5  6  7  8  9 10 |
---------------+-------------------------------+-----
Polearms       | 3 4 5 7 8 9 |  9.3
Fighting       | 4 5 6 7 |  7.1
Dodging        | 4 5 6 7 |  7.0
Shields        | 4 5 6 7 |  7.1

Action                   |  1- 3 |  4- 6 |  7- 9 | 10-12 || total
-------------------------+-------+-------+-------+-------++-------
Melee: Trident           |    66 |     2 |       |       ||    68
       Tentacles         |    11 |     8 |    64 |    18 ||   101
       Constrict         |     9 |    11 |    50 |    15 ||    85
       Spear             |       |    54 |   329 |    69 ||   452
Throw: Dart              |       |       |     2 |       ||     2
Evoke: Wand              |       |       |    10 |       ||    10
  Use: Potion            |       |     1 |     3 |       ||     4
 Stab: Sleeping          |     7 |     6 |    21 |     1 ||    35
       Paralysed         |       |       |    13 |       ||    13
Armor: Skin              |     4 |       |     4 |     2 ||    10
Dodge: Dodged            |    17 |    10 |    94 |    16 ||   137
Block: Kite shield       |    13 |    14 |    79 |    20 ||   126
